 Dungeon Crawl Stone Soup version 0.27-a0-1545-g3eddc1d3d3 (webtiles) character file.

Game seed: 11725619480377469549

67 Morbidden the Grave Robber (level 3, 0/24 HPs)
             Began as a Demonspawn Necromancer on July 13, 2021.
             Slain by Crazy Yiuf (16 damage)
             ... on level 2 of the Dungeon.
             The game lasted 00:02:35 (3255 turns).

Morbidden the Grave Robber (Demonspawn Necromancer) Turns: 3255, Time: 00:02:36

Health: 0/24       AC:  2    Str:  9    XL:     3   Next: 98%
Magic:  6/7        EV: 12    Int: 16    God:
Gold:   72         SH:  0    Dex: 13    Spells: 1/7 levels left

rFire    . . .     SeeInvis .   b - +0 short sword
rCold    . . .     Faith    .   (no shield)
rNeg     . . .     Spirit   .   a - +0 robe
rPois    .         Reflect  .   (no helmet)
rElec    .         Harm     .   (no cloak)
rCorr    .         Rampage  .   (no gloves)
Will     .....                  (no boots)
Stlth    ++........             (no amulet)
HPRegen  0.08/turn              (no ring)
MPRegen  0.10/turn              (no ring)

@: no status effects
A: sturdy frame 1, demonic magic 1
a: no special abilities


You were on level 2 of the Dungeon.
You visited 1 branch of the dungeon, and saw 2 of its levels.

You collected 72 gold pieces.

Inventory:

Hand Weapons
 b - a +0 short sword (weapon)
Armour
 a - a +0 robe (worn)
Scrolls
 d - a scroll of enchant armour {unknown}
 e - 2 scrolls of fear {unknown}
 f - 3 scrolls of identify {unknown}
 g - a scroll of teleportation {unknown}
 j - a scroll of vulnerability {unknown}
 k - a scroll of blinking {unknown}
Potions
 c - 2 potions of haste {unknown}
 h - 2 potions of ambrosia {unknown}
 i - a potion of heal wounds {unknown}


   Skills:
 * Level 0.1 Fighting
 * Level 1.8 Dodging
 + Level 1.8 Stealth
 * Level 2.9 Spellcasting
 * Level 5.2 Necromancy
 * Level 1.0 Poison Magic


You had one spell level left.
You knew the following spells:

 Your Spells              Type           Power      Damage    Failure   Level
a - Pain                  Necr           76%        1d7       2%          1
b - Vampiric Draining     Necr           9%         2d7       6%          3
c - Poisonous Vapours     Pois/Air       6%         N/A       24%         2

Your spell library contained the following spells:

 Spells                   Type           Power      Damage    Failure   Level
 Animate Skeleton         Necr           38%        N/A       2%          1
 Animate Dead             Necr           9%         N/A       22%         4
 Mephitic Cloud           Conj/Pois/Air  3%         N/A       45%         3
 Agony                    Necr           19%        N/A       52%         5
 Freezing Cloud           Conj/Ice/Air   1%         6-21      99%         5
 Malign Gateway           Summ/Tloc      1%         N/A       100%        7
 Summon Horrible Things   Summ           1%         N/A       100%        8


Dungeon Overview and Level Annotations

Branches:
Dungeon (2/15)

Altars:

Annotations:
D:2 Crazy Yiuf


Innate Abilities, Weirdness & Mutations

Your movements are slightly less encumbered by armour. (ER -2)
Spells you cast may paralyse adjacent enemies.


Message History

Could not explore, unopened runed door.
Could not explore, unopened runed door.
Could not explore, unopened runed door.
Could not explore, unopened runed door.
You open the door.
There is an open translucent door here.
The helpless Crazy Yiuf fails to defend himself.
You hit Crazy Yiuf.
Crazy Yiuf is moderately wounded.
Crazy Yiuf zaps a wand.
The puff of flame hits you!
Unknown command.
Crazy Yiuf zaps a wand.
The puff of flame misses you.
There is an open translucent door here.
Press: ? - help, v - describe, . - travel
Here: Crazy Yiuf, wielding a +2 quarterstaff of chaos, wearing a +0 cloak and carrying a wand of flame (10) (moderately wounded)
The floor.
Casting: Pain (safe; 2% risk of failure)
Confirm with . or Enter, or press ? or * to list all spells.
Aiming: Pain (safe; 2% risk of failure)
Press: ? - help, Shift-Dir - straight line, f - Crazy Yiuf
Aim: Crazy Yiuf, wielding a +2 quarterstaff of chaos, wearing a +0 cloak and carrying a wand of flame (10) (moderately wounded, chance to affect: 84%) Crazy Yiuf writhes in agony.
Malevolent energies surge around you.
Crazy Yiuf suddenly stops moving!
Unknown command.
Unknown command.
Unknown command.
Unknown command.
The helpless Crazy Yiuf fails to defend himself.
You hit Crazy Yiuf but do no damage.
Crazy Yiuf is heavily wounded.
The helpless Crazy Yiuf fails to defend himself.
You hit Crazy Yiuf.
Crazy Yiuf is severely wounded.
Crazy Yiuf is no longer paralysed.
Crazy Yiuf misses you.
Unknown command.
You completely miss Crazy Yiuf.
Crazy Yiuf is severely wounded.
Crazy Yiuf hits you with a +2 quarterstaff of chaos!
Ouch! That really hurt!
You die...

#.# #####.#
#..... #.#
#...#.#
#.#### #.#
###.#.#
#.#### #.#
#...# #.....
#.# #####
##### #.####
#.# #)..#
#.# # #.#
#...# #.# #
#.# #.g.#
#######.####
#.# ##@##
#.....#.....
##.### ♣.♣♣
#####.#.....
#....# ♣♣.♣
#...#.#.....
##...# ♣.♣♣
###.#.#.....
#.### ♣♣.♣
#.#.#.....
#.# ♣♣.♣♣
#.#.#.)...
#.# ♣♣.P.♣
###.#.#.....
#.# ♣.P.P♣
#...#.#.....
#.# #....#
#...#.#.....


You could see Crazy Yiuf.

Vanquished Creatures
  3 adders (D:2)
  A dart slug (D:2)
  4 bats
  3 endoplasms (D:1)
  A giant cockroach (D:1)
  3 hobgoblins
  A quokka (D:2)
  6 ball pythons
  2 frilled lizards (D:2)
  4 goblins
  7 kobolds
  5 rats
40 creatures vanquished.

Notes
Turn   | Place    | Note
-------+----------+-------------------------------------------
     0 | D:1      | Morbidden the Demonspawn Necromancer began the quest for
                  | the Orb.
     0 | D:1      | Reached XP level 1. HP: 13/13 MP: 3/3
   419 | D:1      | Found a faded altar of an unknown god.
   473 | D:1      | Gained mutation: Your movements are slightly less
                  | encumbered by armour. (ER -2) [demonic ancestry]
   473 | D:1      | Reached XP level 2. HP: 18/19 MP: 3/5
   633 | D:1      | Reached skill level 5 in Necromancy
  1858 | D:2      | Gained mutation: Spells you cast may paralyse adjacent
                  | enemies. [demonic ancestry]
  1858 | D:2      | Reached XP level 3. HP: 21/24 MP: 2/6
  2092 | D:2      | Learned a level 3 spell: Vampiric Draining
  2328 | D:2      | Learned a level 2 spell: Poisonous Vapours
  2387 | D:2      | Reached skill level 1 in Poison Magic
  3241 | D:2      | Found a runed translucent door.
  3242 | D:2      | Noticed Crazy Yiuf
  3255 | D:2      | Slain by Crazy Yiuf

Illustrated notes

Levels and vault maps discovered:
D:1:      minmay_arrival_three_doors, layout_loops_corners,
          ebering_ecumenical_altar_rust
D:2:      minmay_general_purpose_star, layout_basic, dk_noncrumbling_4,
          nrook_campfire, hangedman_feature_mirror, uniq_crazy_yiuf_cottage

Skill      XL: |  1  2  3 |
---------------+----------+-----
Necromancy     | 5 |  5.2
Poison Magic   | 1 |  1.0
Fighting       | |  0.1
Dodging        | |  1.8
Stealth        | |  1.8
Spellcasting   | |  2.9

Action                   || total
-------------------------++-------
Melee: Short sword       ||    26
 Cast: Pain              ||    70
 Stab: Paralysed         ||     3
       Sleeping          ||     1
Armor: Robe              ||     4
Dodge: Dodged            ||    22

Table legend: (Time is in decaauts)
 A = Elapsed time spent in this place.
 B = Non-inter-level travel time spent in this place.
 C = Inter-level travel time spent in this place.
 D = Time resting spent in this place.
 E = Time spent auto-exploring this place.
 F = Levels seen in this place.
 G = Mean time per level.
                   A        B        C        D        E       F      G
               +--------+--------+--------+--------+--------+-----+--------+
         Total |   3258 |   3208 |     50 |    349 |   2624 |   2 | 1629.0 |
       Dungeon |   3258 |   3208 |     50 |    349 |   2624 |   2 | 1629.0 |
               +--------+--------+--------+--------+--------+-----+--------+

Top non-repeatable levels by time:
     D:2: 1665 daAuts
     D:1: 1592 daAuts
